 Dungeon Crawl Stone Soup version 0.26-a0-712-ga5a9c9c9d0 (webtiles) character file.

Game seed: 15758253823933253317

1384 Lanoc the Cudgeler (level 8, -2/57 HPs)
             Began as an Octopode Chaos Knight on Nov 9, 2020.
             Was a Plaything of Xom.
             Slain by an ogre
             ... wielding a +0 giant club
              (28 damage)
             ... on level 6 of the Dungeon on Nov 10, 2020.
             The game lasted 00:09:41 (7001 turns).

Lanoc the Cudgeler (Octopode Chaos Knight)          Turns: 7001, Time: 00:09:41

Health: -2/57      AC:  1    Str: 24      XL:     8   Next: 67%
Magic:  8/8        EV: 16    Int: 13 (14) God:    Xom [....*.]
Gold:   180        SH:  0    Dex: 13      Spells: 2/7 levels left

rFire    . . .     SeeInvis .   a - +0 mace (chaos)
rCold    + . .     Faith    +   (no shield)
rNeg     . . .     Spirit   .   (helmet restricted)
rPois    .         Reflect  .   u - amulet of faith
rElec    .         Harm     .   d - +6 ring of strength
rCorr    .         Rampage  .   f - ring of stealth
MR       .....                  B - ring of protection from cold
Stlth    +++.......             C - +6 ring of strength
HPRegen  0.19/turn              (no ring)
MPRegen  0.11/turn              (no ring)
                                (no ring)
                                (no ring)

@: no status effects
A: almost no armour, stealthy swim, amphibious, 8 rings, constrict 8, camouflage
1, blurry vision 1, deterioration 1, gelatinous body 1
a: Renounce Religion


You were on level 6 of the Dungeon.
You worshipped Xom.
You were a beloved toy of Xom.
You visited 2 branches of the dungeon, and saw 7 of its levels.
You also visited: Sewer.

You collected 288 gold pieces.
You spent 108 gold pieces at shops.

Inventory:

Hand Weapons
 a - a +0 mace of chaos (weapon)
Missiles
 h - 8 atropa-tipped darts
 y - 12 curare-tipped darts (quivered)
Jewellery
 d - a +6 ring of strength (left tentacle)
 f - a ring of stealth (right tentacle)
 u - an amulet of faith (around mantle)
 A - an uncursed amulet of regeneration
 B - a ring of protection from cold (on tentacle)
 C - a +6 ring of strength (on tentacle)
Wands
 r - a wand of random effects (15)
Scrolls
 b - 4 scrolls of teleportation
 c - a scroll of enchant armour
 g - 8 scrolls of identify
 o - 5 scrolls of remove curse
 p - a scroll of random uselessness {unknown}
 q - a scroll of fear {unknown}
 t - 2 scrolls of enchant weapon {unknown}
 v - 2 scrolls of blinking {unknown}
Potions
 i - a potion of might
 k - 2 potions of brilliance {unknown}
 l - 2 potions of curing {unknown}
 m - 2 potions of degeneration {unknown}
 n - 3 potions of mutation {unknown}
 s - a potion of lignification {unknown}
 w - a potion of flight {unknown}
 x - a potion of ambrosia {unknown}
 z - 2 potions of stabbing {unknown}


   Skills:
 + Level 5.9 Fighting
 * Level 7.9 Maces & Flails
 + Level 5.7 Dodging
 + Level 0.0 Hexes


You had 2 spell levels left.
You knew the following spells:

 Your Spells              Type           Power        Failure   Level
a - Yara's Violent Unrav  Hex/Tmut       #.........   100%        5

Your spell library contained the following spells:

 Spells                   Type           Power        Failure   Level
 Inner Flame              Hex/Fire       #.......     67%         3
 Leda's Liquefaction      Hex/Erth       #.........   97%         4
 Summon Mana Viper        Hex/Summ       #.......     100%        5
 Eringya's Noxious Bog    Tmut/Pois      #.........   100%        6


Dungeon Overview and Level Annotations

Branches:
Dungeon (6/15)             Temple (1/1) D:4           Sewer (visited)

Altars:
Dithmenos
Kikubaaqudgha
Nemelex Xobeh
Okawaru
Ru
Sif Muna
Uskayaw
Wu Jian
Xom
Yredelemnul

Shops:
D:5 *   D:6 *


Innate Abilities, Weirdness & Mutations

You cannot wear most types of armour.
You are very stealthy in the water. (Stealth+)
You are amphibious.
You can wear up to eight rings at the same time.
You can use your tentacles to constrict eight enemies at once.
Your skin changes colour to match your surroundings (Stealth+).
Your rubbery body absorbs attacks. (AC +1, EV +1)
Scrolls take you a little longer to read.
Your body sometimes deteriorates upon taking damage.


Message History

An ogre is nearby!
The ogre shouts!
The ogre closely misses you.
You hit the ogre but do no damage. Your squeeze misses the ogre.
The ogre misses you.
You hit the ogre. You drain the ogre.
The ogre is lightly wounded.
You hit the ogre.
The ogre is lightly wounded.
The ogre hits you with a +0 giant club!
A shower of butterflies erupts from you!
You barely miss the ogre. You squeeze the ogre!
The ogre is heavily wounded.
The ogre hits you with a +0 giant club!
You hit the ogre. You squeeze the ogre!
The ogre is almost dead.
The ogre blinks!
The ogre hits you with a +0 giant club!!
You die... "It's all fun and games until someone loses an eye."

.
.............#.....(.#
..##.#.##.#.#.#.##....#
#.##........#...##....#
...#.#.[....#.##....#
##.#....!.#.#........
#...#........##.+#.#
#.#.#.#.##.#.##..#.# .
#bbb...........#.#
#@#.##.###.##
#.O.b...... ...
#.#b##.###.# ## #.#.#
.# .# . ... .. . ## ###
###


You could see an ogre (drained).

Vanquished Creatures
  An orc warrior (D:5)
  A centaur (D:6)
  4 big kobolds (Sewer)
  A bullfrog (D:6)
  A scorpion (D:6)
  A water moccasin skeleton (D:5)
  A howler monkey (D:5)
  A centaur zombie (D:5)
  2 hounds
  A jelly (D:5)
  3 orc priests (D:6)
  2 iguanas (D:6)
  2 worker ants (D:4)
  A gnoll (D:1)
  8 adders
  2 river rats (Sewer)
  A shadow imp (D:5)
  An ufetubus (D:6)
  3 oozes
  7 worms
  3 dart slugs
  4 leopard geckos
  18 orcs
  5 ball pythons
  16 giant cockroaches
  6 goblins
  10 hobgoblins
  12 jackals
  9 kobolds
  5 bats
  9 frilled lizards
  A giant cockroach zombie (D:6)
  A quokka skeleton (D:4)
  12 rats
155 creatures vanquished.

Vanquished Creatures (collateral kills)
  A water moccasin skeleton (D:6)
1 creature vanquished.

Grand Total: 156 creatures vanquished

Notes
Turn   | Place    | Note
-------+----------+-------------------------------------------
     0 | D:1      | Lanoc the Octopode Chaos Knight began the quest for the
                  | Orb.
     0 | D:1      | Reached XP level 1. HP: 16/16 MP: 1/1
    41 | D:1      | Reached XP level 2. HP: 9/21 MP: 2/2
    57 | D:1      | XOM: silly message
   307 | D:1      | XOM: potion effect (stabbing)
   390 | D:1      | Reached XP level 3. HP: 8/26 MP: 3/3
   700 | D:1      | XOM: 6-stop teleportation journey
   772 | D:1      | XOM: 1-stop teleportation journey
  1025 | D:2      | XOM is BORED!
  1025 | D:2      | XOM: noise
  1034 | D:2      | Found a shadowy altar of Dithmenos.
  1169 | D:2      | Reached skill level 4 in Maces & Flails
  1179 | D:2      | XOM: divination: detect creatures
  1184 | D:2      | Reached XP level 4. HP: 31/31 MP: 4/4
  1370 | D:2      | Found a shimmering blue altar of Sif Muna.
  1661 | D:2      | Found an ornate altar of the Wu Jian Council.
  1661 | D:2      | XOM: 1-stop teleportation journey
  2292 | D:3      | Reached XP level 5. HP: 37/37 MP: 5/5
  2366 | D:3      | XOM: 9-stop teleportation journey
  2766 | D:4      | XOM: noise
  2846 | D:4      | Found a sparkling altar of Nemelex Xobeh.
  2858 | D:4      | Reached skill level 5 in Maces & Flails
  2927 | D:4      | Reached XP level 6. HP: 26/43 MP: 6/6
  3086 | D:4      | Found a staircase to the Ecumenical Temple.
  3144 | Temple   | Entered the Ecumenical Temple
  3285 | D:4      | Found a basalt altar of Yredelemnul.
  3405 | D:4      | XOM: draining
  3629 | D:5      | Entered Level 5 of the Dungeon
  3656 | D:5      | Found a glowing drain.
  3681 | Sewer    | Entered a sewer
  3722 | Sewer    | XOM: give mutations
  3722 | Sewer    | Gained mutation: You are frail. (-10% HP) [Xom's mischief]
  3722 | Sewer    | Gained mutation: Scrolls take you a little longer to read.
                  | [Xom's mischief]
  3722 | Sewer    | Gained mutation: Your body sometimes deteriorates upon
                  | taking damage. [Xom's mischief]
  3722 | Sewer    | Lost mutation: You are frail. (-10% HP) [Xom's mischief]
  3885 | Sewer    | XOM: 11-stop teleportation journey
  4227 | Sewer    | XOM: enchant monster (bad)
  4230 | Sewer    | XOM: enchant monster (good)
  4234 | Sewer    | Reached XP level 7. HP: 36/49 MP: 7/7
  4647 | Sewer    | Reached skill level 6 in Maces & Flails
  4926 | Sewer    | XOM: god gift: 24 gold pieces
  5060 | D:5      | XOM: potion effect (invisibility)
  5064 | D:5      | XOM: noise
  5071 | D:5      | Reached skill level 5 in Fighting
  5079 | D:5      | XOM: potion effect (brilliance)
  5083 | D:5      | Found an ancient bone altar of Kikubaaqudgha.
  5270 | D:5      | Found Piexatt's Serpentskin Sales.
  5274 | D:5      | Reached skill level 5 in Dodging
  5274 | D:5      | Reached XP level 8. HP: 22/55 MP: 8/8
  5343 | D:5      | XOM: 5-stop teleportation journey
  5502 | D:5      | Reached skill level 7 in Maces & Flails
  5696 | D:5      | Bought 8 curare-tipped darts for 72 gold pieces
  5696 | D:5      | Bought 4 curare-tipped darts for 36 gold pieces
  5768 | D:5      | XOM: divination: detect creatures
  5957 | D:6      | XOM: potion effect (haste)
  6032 | D:6      | XOM: noise
  6035 | D:6      | XOM: enchant monster (good)
  6136 | D:6      | Found Qiruner's Mass Market.
  6251 | D:6      | XOM: confuse monster(s)
  6385 | D:6      | XOM: fog
  6387 | D:6      | XOM: summons 7 friendly demons
  6563 | D:5      | XOM: scenery: create altars
  6609 | D:6      | XOM: cleaving
  6613 | D:6      | XOM: scenery: 1 doors close
  6729 | D:5      | XOM: god gift: glowing pearl amulet {god gift}
  6832 | D:5      | XOM: god gift: thick jewelled staff {god gift}
  6908 | D:6      | XOM: god gift: knobbly smoking staff {god gift}
  6944 | D:6      | Identified Xom's Compendium of the True Pharaoh (Xom gifted
                  | it to you on level 6 of the Dungeon)
  6944 | D:6      | XOM: god gift: Xom's Compendium of the True Pharaoh
  6952 | D:6      | Learned a level 5 spell: Yara's Violent Unravelling
  6964 | D:6      | Found a sacrificial altar of Ru.
  6999 | D:6      | XOM: butterfly on damage
  7001 | D:6      | Slain by an ogre

Illustrated notes

Levels and vault maps discovered:
D:1:      dpeg_arrival_pond, layout_basic, minmay_pentomino_x4
D:2:      minmay_roachtagon, layout_basic, led_sif_pool, lemuel_round_altar,
          overflow_temple_1_default, grunt_ministairs_11
D:3:      layout_basic
D:4:      layout_cave_pods, yredelemnul_altar_generic,
          nemelex_xobeh_ov_fountains_minmay, minmay_temple_entry_junction
D:5:      layout_rooms, lemuel_crystal_altar, portal_sewer_entry_b,
          guppyfry_shop_venom
D:6:      layout_basic, nicolae_ru_sacrificial_ziggurat, minmay_shop_mass,
          minmay_diced_spiral
Temple:   compressed_dpeg_triangle_lava_temple

Skill      XL: |  1  2  3  4  5  6  7  8 |
---------------+-------------------------+-----
Maces & Flails | 4 5 6 7 |  7.9
Dodging        | 3 4 5 |  5.7
Fighting       | 4 5 |  5.9

Action                   |  1- 3 |  4- 6 |  7- 9 || total
-------------------------+-------+-------+-------++-------
Melee: Mace              |    62 |   158 |   114 ||   334
       Constrict         |    12 |    42 |    24 ||    78
       Tentacles         |     7 |    32 |    31 ||    70
  Use: Scroll            |       |     4 |     2 ||     6
       Potion            |       |       |     3 ||     3
 Stab: Sleeping          |     5 |    22 |     6 ||    33
       Distracted        |     1 |     1 |       ||     2
       Paralysed         |       |     1 |       ||     1
       Invisible         |       |       |     1 ||     1
       Confused          |       |       |     1 ||     1
       Petrified         |       |       |     1 ||     1
Armor: Skin              |     7 |    11 |     7 ||    25
Dodge: Dodged            |    54 |    91 |    56 ||   201

Table legend: (Time is in decaauts)
 A = Elapsed time spent in this place.
 B = Non-inter-level travel time spent in this place.
 C = Inter-level travel time spent in this place.
 D = Time resting spent in this place.
 E = Time spent auto-exploring this place.
 F = Levels seen in this place.
 G = Mean time per level.
                   A        B        C        D        E       F      G
               +--------+--------+--------+--------+--------+-----+--------+
         Total |   7051 |   6981 |     70 |    390 |   5472 |   8 |  881.4 |
       Dungeon |   5688 |   5618 |     70 |    390 |   4353 |   6 |  948.0 |
        Temple |      1 |      1 |      0 |      0 |      0 |   1 |    1.0 |
         Sewer |   1361 |   1361 |      0 |      0 |   1119 |   1 | 1361.0 |
               +--------+--------+--------+--------+--------+-----+--------+

Top non-repeatable levels by time:
     D:5: 1372 daAuts
   Sewer: 1361 daAuts
     D:2: 1189 daAuts
     D:4: 1058 daAuts
     D:1: 958 daAuts
     D:6: 656 daAuts
     D:3: 453 daAuts
  Temple: 1 daAuts
